 Dungeon Crawl Stone Soup version 0.28-a0-1616-g050a50673c (webtiles) character file.

Game seed: 15945306508513790739

65 enile the Vexing (level 4, -1/30 HPs)
             Began as an Octopode Wanderer on Jan 23, 2022.
             Slain by a black bear (4 damage)
             ... on level 1 of the Dungeon.
             The game lasted 00:04:53 (1974 turns).

enile the Vexing (Octopode Wanderer)                Turns: 1974, Time: 00:04:54

Health: -1/30      AC:  1    Str: 11    XL:     4   Next: 14%
Magic:  4/5        EV: 12    Int: 15    God:
Gold:   37         SH:  3    Dex: 12    Spells: 4/5 levels left

rFire   . . .      SeeInvis .   g - +0 short sword
rCold   . . .      Faith    .   b - +0 buckler
rNeg    . . .      Spirit   .   (helmet restricted)
rPois   .          Reflect  .   (no amulet)
rElec   .          Harm     .   (no ring)
rCorr   .          Rampage  .   (no ring)
Will    .....                   (no ring)
Stlth   ++........              (no ring)
HPRegen 0.10/turn               (no ring)
MPRegen 0.09/turn               (no ring)
                                (no ring)
                                (no ring)

@: no status effects
A: almost no armour, amphibious, 8 rings, camouflage 1, gelatinous body 1,
(nimble swimmer 1), tentacles
a: no special abilities


You were on level 1 of the Dungeon.
You visited 1 branch of the dungeon, and saw 2 of its levels.

You collected 37 gold pieces.

Inventory:

Hand Weapons
 a - a +0 dagger
 g - a +0 short sword (weapon)
 h - a +0 spear
Missiles
 j - a poisoned dart
 k - 6 boomerangs
Armour
 b - a +0 buckler (worn)
Scrolls
 d - a scroll of teleportation {unknown}
 e - 2 scrolls of identify {unknown}
 f - a scroll of vulnerability {unknown}
Potions
 c - 2 potions of curing
 i - a potion of mutation {unknown}


   Skills:
 + Level 2.6 Fighting
 - Level 1.0 Short Blades
 - Level 2.0 Throwing
 - Level 2.0 Dodging
 - Level 1.0 Shields
 - Level 1.0 Spellcasting
 - Level 3.0 Hexes
 - Level 1.0 Invocations
 - Level 1.2 Evocations


You had 4 spell levels left.
You knew the following spells:

 Your Spells              Type           Power      Damage    Failure   Level
a - Slow                  Hex            36%        N/A       10%         1

Your spell library contained the following spells:

 Spells                   Type           Power      Damage    Failure   Level
 Cause Fear               Hex            4%         N/A       67%         4
 Gell's Gravitas          Tloc           0%         N/A       69%         3
 Lesser Beckoning         Tloc           0%         N/A       69%         3
 Teleport Other           Tloc           0%         N/A       69%         3
 Leda's Liquefaction      Hex/Erth       2%         N/A       87%         4


Dungeon Overview and Level Annotations

Branches:
Dungeon (2/15)

Altars:
Ashenzari


Innate Abilities, Weirdness & Mutations

You cannot wear most types of armour.
You are amphibious.
You can wear up to eight rings at the same time.
Your skin changes colour to match your surroundings (Stealth+).
Your rubbery body absorbs attacks. (AC +1, EV +1)
((You are camouflaged when in or above water. (Stealth+)))
You have tentacles for arms and can constrict up to eight enemies at once.


Message History

The black bear claws you. x2
Sorry, you're not good enough to have a special ability.
Throw: 2 darts (poison)
Press: ? - help, Q - select action, (/) - cycle Shift-Dir - straight line, f/p - black bear
Aim: a black bear (67% to hit)
You throw a poisoned dart.
The poisoned dart closely misses the black bear.
The black bear closely misses you. You block the black bear's attack.
The black bear barely misses you.
There is a stone staircase leading up here.
The black bear bites you. The black bear claws you.
The black bear claws you but does no damage.
You climb upwards.
There is a stone staircase leading down here.
Sorry, you're not good enough to have a special ability.
You hit the black bear. You grab the black bear.
The black bear is lightly wounded.
You constrict the black bear. The black bear bites you.
The black bear claws you. x2
You hit the black bear but do no damage.
The black bear is moderately wounded.
You constrict the black bear. The black bear bites you!
* * * LOW HITPOINT WARNING * * *
The black bear barely misses you. The black bear misses you.
You release your grip on the black bear.
Sorry, you're not good enough to have a special ability.
Aiming: Slow (safe; 10% risk of failure)
Press: ? - help, Q - select action, (/) - cycle Shift-Dir - straight line, f - black bear
Aim: a black bear (moderately wounded, chance to affect: 47%)
Okay, then.
Casting: Slow (safe; 10% risk of failure)
Confirm with . or Enter, or press ? or * to list all spells.
Aiming: Slow (safe; 10% risk of failure)
Press: ? - help, Shift-Dir - straight line, f - black bear
Aim: a black bear (moderately wounded, chance to affect: 47%)
The black bear resists with some effort.
The black bear bites you!
* * * LOW HITPOINT WARNING * * *
The black bear claws you.
You die...

..#.....# #.#.....#.......##..
..#.....######......##.......##..
..###....##.........##...........
..# #.........#.....##......###..
(.# #.........#..##.....##.......
..######...................#####.
..##..............#........'...#.
..##...........h...........###...
..##.........###@....#####'#####.
[.#####...#..........###......##.
..........#######......'......##.
.(................^..###......#..
..................#..# #......#..
.........##..........# #.........
.........##..........# #.....[...
.........##........>.# ######...(
###########..........# #....


You could see a black bear.

Vanquished Creatures
  2 gnolls
  An adder (D:2)
  2 dart slugs
  3 ball pythons
  6 endoplasms
  A giant cockroach (D:1)
  5 goblins
  3 hobgoblins
  A kobold (D:1)
  2 quokkas
  2 bats
  A frilled lizard (D:1)
  A rat (D:1)
30 creatures vanquished.

Notes
Turn   | Place    | Note
-------+----------+-------------------------------------------
     0 | D:1      | enile the Octopode Wanderer began the quest for the Orb.
     0 | D:1      | enile set off with the following items: a +0 dagger, a +0
                  | buckler, a potion of curing; and the following spell
                  | memorised: Slow; and the following spells available to
                  | memorise: Cause Fear, Leda's Liquefaction
     0 | D:1      | Reached XP level 1. HP: 13/13 MP: 2/2
   349 | D:1      | Reached XP level 2. HP: 19/19 MP: 3/3
   797 | D:1      | Found a faded altar of an unknown god.
   828 | D:1      | Reached skill level 1 in Short Blades
  1038 | D:2      | Reached skill level 1 in Dodging
  1038 | D:2      | Reached XP level 3. HP: 24/24 MP: 1/4
  1712 | D:2      | Reached XP level 4. HP: 30/30 MP: 5/5
  1830 | D:2      | Found a broken altar of Ashenzari.
  1911 | D:2      | Noticed a black bear
  1974 | D:1      | Slain by a black bear

Illustrated notes

Levels and vault maps discovered:
D:1:      amcnicky_arrival_blooded_trapdoor, layout_basic,
          ebering_ecumenical_altar_sacrificial, minmay_pentomino_w2
D:2:      layout_loops_ring, basic_altar, minmay_crystal_room,
          uniq_crazy_yiuf_cottage

Skill      XL: |  1  2  3 |
---------------+----------+-----
Fighting       | 2 |  2.6
Short Blades   | 1 |  1.0
Dodging        | 1 2 |  2.0
Throwing       | |  2.0
Shields        | |  1.0
Spellcasting   | |  1.0
Hexes          | |  3.0
Invocations    | |  1.0
Evocations     | |  1.2

Action                   |  1- 3 |  4- 6 || total
-------------------------+-------+-------++-------
Melee: Dagger            |    47 |       ||    47
       Tentacles         |    25 |     1 ||    26
       Constrict         |    16 |     4 ||    20
       Short sword       |    23 |     8 ||    31
Throw: Dart              |       |     1 ||     1
 Cast: Slow              |    31 |     6 ||    37
  Use: Potion            |     3 |       ||     3
 Stab: Sleeping          |     1 |     1 ||     2
Armor: Skin              |     3 |     2 ||     5
Dodge: Dodged            |    38 |     9 ||    47
Block: Buckler           |    10 |     1 ||    11

Table legend: (Time is in decaauts)
 A = Elapsed time spent in this place.
 B = Non-inter-level travel time spent in this place.
 C = Inter-level travel time spent in this place.
 D = Time resting spent in this place.
 E = Time spent auto-exploring this place.
 F = Levels seen in this place.
 G = Mean time per level.
                   A        B        C        D        E       F      G
               +--------+--------+--------+--------+--------+-----+--------+
         Total |   1979 |   1962 |     17 |    398 |   1158 |   2 |  989.5 |
       Dungeon |   1979 |   1962 |     17 |    398 |   1158 |   2 |  989.5 |
               +--------+--------+--------+--------+--------+-----+--------+

Top non-repeatable levels by time:
     D:1: 1472 daAuts
     D:2: 507 daAuts
